 Dungeon Crawl Stone Soup version 0.31-a0-161-gb58dd9be76 (webtiles) character file.

Game seed: 4360983113676316791

116 Serulin the Shield-Bearer (level 5, -6/33 HPs)
             Began as a Gargoyle Fighter on June 13, 2023.
             Mangled by Crazy Yiuf
             ... wielding a +2 quarterstaff of chaos
              (10 damage)
             ... on level 2 of the Dungeon.
             The game lasted 00:05:07 (1454 turns).

Serulin the Shield-Bearer (Gargoyle Fighter)        Turns: 1454, Time: 00:05:10

Health: -6/33      AC: 11    Str: 22    XL:     5   Next: 1%
Magic:  5/5        EV:  9    Int:  8    God:
Gold:   90         SH:  4    Dex:  9    Spells: 4/4 levels left

rFire   . . .        f - +2 mace (heavy)
rCold   . . .        c - +0 buckler
rNeg    + . .        b - +0 scale mail
rPois   ∞            (no helmet)
rElec   +            (no cloak)
rCorr   .            (no gloves)
SInv    .            (no boots)
Will    .....        (no amulet) Stlth
                     (no ring)
HPRegen 0.25/turn    (no ring)
MPRegen 0.09/turn

%: no passive effects
@: studying Maces & Flails
A: sickness immunity, AC +4, negative energy resistance 1, electricity
resistance, torment resistance 1, petrification resistance
a: no special abilities


You were on level 2 of the Dungeon.
You visited 1 branch of the dungeon, and saw 2 of its levels.

You collected 90 gold pieces.

Inventory:

Hand Weapons
 f - a +2 heavy mace (weapon)
Armour
 b - a +0 scale mail (worn)
 c - a +0 buckler (worn)
Jewellery
 o - a ring of wizardry
 r - a ring of fire
Wands
 p - a wand of flame (9)
Scrolls
 g - a scroll of brand weapon {unknown}
 h - a scroll of amnesia {unknown}
 i - a scroll of torment {unknown}
 m - 2 scrolls of teleportation {unknown}
 n - 3 scrolls of blinking {unknown}
 q - a scroll of enchant weapon {unknown}
Potions
 a - 2 potions of haste
 d - a potion of might
 j - 2 potions of brilliance {unknown}
 k - a potion of curing {unknown}
 l - a potion of lignification {unknown}


   Skills:
 + Level 4.0 Fighting
 * Level 3.9 Maces & Flails
 + Level 4.0 Armour
 + Level 4.1 Shields


You had 4 spell levels left.
You didn't know any spells.
Your spell library was empty.

Dungeon Overview and Level Annotations

Branches:
Dungeon (2/15)

Altars:

Annotations:
D:2 Crazy Yiuf


Innate Abilities, Weirdness & Mutations

You are immune to sickness and miasma.
Your stone body is resilient. (AC +4)
You are immune to poison.
You resist negative energy. (rN+)
You are resistant to electric shocks. (rElec)
You are resistant to unholy torment.
You are immune to petrification.


Message History

You see here a +0 dagger.
You enter the shallow water.
Moving in this stuff is going to be slow.
You enter the shallow water.
Moving in this stuff is going to be slow.
You enter the shallow water.
Moving in this stuff is going to be slow.
There is a stone staircase leading up here.
Crazy Yiuf shouts!
Crazy Yiuf says, "Goober!
Lugonu testudinal testudinal."
Press: ? - help, v - describe, . - travel, g - get item Item here: a runed hammer.
The floor.
As you open the door, it creaks loudly!
You hit Crazy Yiuf but do no damage.
Crazy Yiuf hits you with a +2 quarterstaff of chaos!
Crazy Yiuf burns you.
Crazy Yiuf hits you with a +2 quarterstaff of chaos.
Crazy Yiuf freezes you.
You closely miss Crazy Yiuf. Crazy Yiuf barely misses you.
Crazy Yiuf says, "Announcement!"
Crazy Yiuf hits you but does no damage.
You closely miss Crazy Yiuf. Crazy Yiuf closely misses you.
Crazy Yiuf hits you with a +2 quarterstaff of chaos!
* * * LOW HITPOINT WARNING * * *
Crazy Yiuf burns you.
* * * LOW HITPOINT WARNING * * *
Okay, then.
As you read the scroll of fear, it crumbles to dust.
You assume a fearsome visage.
Crazy Yiuf looks frightened!
Crazy Yiuf gives up.
There is an open translucent door here.
Crazy Yiuf moans, "Oh dear!
Oh dear!"
You hit Crazy Yiuf.
Your attack snaps Crazy Yiuf out of his fear.
Crazy Yiuf is lightly wounded.
Crazy Yiuf hits you with a +2 quarterstaff of chaos.
* * * LOW HITPOINT WARNING * * *
Crazy Yiuf hits you with a +2 quarterstaff of chaos!
You die...

########
########.#..#.##
#...##..#......##
#.@.'.####......#
#g..### ##.#...#
# ##### ####..###
#....# ####
#....# #..#######
####....#
#........#
##.#.#####
#........#
###..#.# #
#........#
#...##.# #


You could see Crazy Yiuf.

Vanquished Creatures
  Jessica (D:2)
  4 adders (D:2)
  2 worms (D:2)
  2 dart slugs (D:1)
  5 ball pythons
  7 bats (D:1)
  3 endoplasms
  3 goblins
  7 hobgoblins
  5 kobolds
  2 quokkas
  3 frilled lizards
  A rat (D:1)
45 creatures vanquished.

Notes
Turn   | Place    | Note
-------+----------+-------------------------------------------
     0 | D:1      | Serulin the Gargoyle Fighter began the quest for the Orb.
     0 | D:1      | Reached XP level 1. HP: 14/14 MP: 1/1
    54 | D:1      | Reached XP level 2. HP: 16/19 MP: 2/2
   213 | D:1      | Reached XP level 3. HP: 21/23 MP: 3/3
   764 | D:2      | Noticed Jessica
   796 | D:2      | Killed Jessica
   797 | D:2      | Reached XP level 4. HP: 4/29 MP: 4/4
  1145 | D:2      | Reached XP level 5. HP: 33/33 MP: 5/5
  1177 | D:2      | Found a runed translucent door.
  1178 | D:2      | Noticed Crazy Yiuf
  1454 | D:2      | Mangled by Crazy Yiuf

Illustrated notes

Levels and vault maps discovered:
D:1:      lightli_iron_boxes, layout_loops_ring
D:2:      layout_rooms, serial_bayou, serial_bayou_lagoon_b,
          serial_bayou_pond_b, serial_bayou_ford_a, serial_bayou_shore_a,
          uniq_crazy_yiuf_cottage, uniq_jessica

Skill      XL: |  1  2  3  4 |
---------------+-------------+-----
Maces & Flails | 3 |  3.9
Shields        | 4 |  4.1
Armour         | 4 |  4.0
Fighting       | 4 |  4.0

Action                     |  1- 3 |  4- 6 || total
---------------------------+-------+-------++-------
  Melee: Mace              |    76 |    30 ||   106
         Flail             |     1 |       ||     1
    Use: Potion            |     1 |       ||     1
         Scroll            |       |     3 ||     3
 Armour: Scale mail        |    59 |    13 ||    72
  Dodge: Dodged            |    57 |    12 ||    69
  Block: Buckler           |    26 |     4 ||    30

Table legend: (Time is in decaauts)
 A = Elapsed time spent in this place.
 B = Non-inter-level travel time spent in this place.
 C = Inter-level travel time spent in this place.
 D = Time resting spent in this place.
 E = Time spent auto-exploring this place.
 F = Levels seen in this place.
 G = Mean time per level.
                   A        B        C        D        E       F      G
               +--------+--------+--------+--------+--------+-----+--------+
         Total |   1596 |   1569 |     27 |     95 |   1060 |   2 |  798.0 |
       Dungeon |   1596 |   1569 |     27 |     95 |   1060 |   2 |  798.0 |
               +--------+--------+--------+--------+--------+-----+--------+

Top non-repeatable levels by time:
     D:2: 870 daAuts
     D:1: 725 daAuts
